 Dungeon Crawl Stone Soup version 0.14-a0-1663-g0b35444 (webtiles) character file.

257 Nicoed the Skirmisher (level 5, -1/42 HPs)
             Began as a Human Fighter on Dec 29, 2013.
             Was an Initiate of Yredelemnul.
             Slain by a wandering mushroom (6 damage)
             ... on Level 3 of the Dungeon.
             The game lasted 00:19:18 (4069 turns).

Nicoed the Skirmisher (Human Fighter)               Turns: 4069, Time: 00:19:18

HP  -1/42        AC 15     Str 17      XL: 5   Next: 57%
MP   5/5         EV  4     Int  9      God: Yredelemnul [......]
Gold 108         SH  0     Dex 15      Spells:  0 memorised,  4 levels left

rFire  . . .     SeeInvis .     r - +0 hand axe
rCold  . . .     Clarity  .     s - +3 chain mail
rNeg   . . .     Conserve .     c - +0 shield
rPois  .         rCorr    .     (no helmet)
rElec  .         rRot     .     (no cloak)
SustAb . .       Spirit   .     (no gloves)
rMut   .         Warding  .     (no boots)
Saprov . . .     Stasis   .     (no amulet)
                                i - +3 ring of protection
                                u - +3 ring of dexterity

@: confused, slightly resistant to hostile enchantments, extremely unstealthy
A: no striking features
a: Renounce Religion


You were on level 3 of the Dungeon.
You worshipped Yredelemnul.
Yredelemnul was noncommittal.
You were near starving.

You visited 1 branch of the dungeon, and saw 4 of its levels.

You collected 108 gold pieces.

Inventory:

Hand weapons
 r - a +0,+0 hand axe (weapon)
Armour
 c - a +0 shield (worn)
 s - a +3 chain mail (worn)
Comestibles
 g - a rambutan
 l - 7 grapes
 p - 2 meat rations
Scrolls
 e - a scroll of blinking
 f - a scroll of magic mapping {unknown}
 h - 2 scrolls of curse armour
 j - a scroll of recharging {unknown}
 k - 2 scrolls of teleportation {unknown}
 m - a scroll of enchant weapon I {unknown}
 n - 3 scrolls of remove curse {unknown}
 q - a scroll of fog {unknown}
Jewellery
 a - an uncursed ring of magical power
 i - a +3 ring of protection (right hand)
 o - a +1 ring of protection
 u - a +3 ring of dexterity (left hand)
Potions
 t - a potion of heal wounds {unknown}


   Skills:
 * Level 3.9 Fighting
 - Level 2.0 Axes
 + Level 3.9 Armour
 + Level 2.2 Dodging
 + Level 3.7 Shields


You had 4 spell levels left.
You didn't know any spells.

Dungeon Overview and Level Annotations

Branches:
Dungeon (4/16)
 Temple: D:4-7

Altars:
Fedhas
Sif Muna
Yredelemnul

Annotations:
D:4 Nicoed's ghost, experienced MiBe; Pikel


Message History

You finish eating.
Mmmm...
Yummy apple.
You hit the slave.
The slave is heavily wounded.
You block the slave's attack.
You closely miss the slave.
The slave is heavily wounded.
The slave hits you but does no damage.
Unknown command.
You block the slave's attack.
The wandering mushroom barely misses you.
You hit the wandering mushroom but do no damage.
You block the slave's attack. The wandering mushroom hits you.
* * * LOW HITPOINT WARNING * * *
You are engulfed in a cloud of spores!
You are confused.
The slave hits you but does no damage.
You hit the wandering mushroom but do no damage.
The wandering mushroom hits you.
You die...
Your body rises from the dead as a mindless zombie.

####.#### #.# #.......# #.#
#.##.##.#######.#
##.##.##.#.......#
.........%.####..# ### #########
##.##.##.######..###.##
#.....f.f
#.##.##.#.......##...###.#######
#.......#.####@.#.....##)#......
####..........@@f.........[.....
######.####.##.....##.#..####
#.# #.###...###.#..# #.# #.#
##.## #.#..# ##########[# #.#
#.# #.#.s# #....@.@...# #.# #.#
#>#..# #.########## #.# #.#
#.#..# #.# #.# #.# #.#..#### #@#
#.# #.# #........


You could see a wandering mushroom and 2 slaves.

Vanquished Creatures
  A slave (D:3)
  Ijyb (D:4)
  4 adders
  A giant mite (D:3)
  6 giant geckos
  2 oozes (D:3)
  2 orcs (D:3)
  A ball python (D:2)
  11 bats
  5 giant cockroaches
  10 hobgoblins
  4 jackals
  3 giant newts
  12 goblins
  9 kobolds
  A quokka (D:3)
  6 rats
79 creatures vanquished.

Vanquished Creatures (collateral kills)
  A rat (D:3)
1 creature vanquished.

Vanquished Creatures (others)
  A wandering mushroom (D:3)
  31 toadstools
32 creatures vanquished.

Grand Total: 112 creatures vanquished

Notes
Turn   | Place    | Note
--------------------------------------------------------------
     0 | D:1      | Nicoed, the Human Fighter, began the quest for the Orb.
     0 | D:1      | Reached XP level 1. HP: 18/18 MP: 1/1
    63 | D:1      | Reached XP level 2. HP: 24/24 MP: 2/2
   478 | D:1      | Reached XP level 3. HP: 27/29 MP: 3/3
   860 | D:2      | Found a blossoming altar of Fedhas.
   860 | D:2      | Found a deep blue altar of Sif Muna.
   868 | D:2      | Became a worshipper of Fedhas Madash
  1096 | D:2      | Reached skill level 1 in Dodging
  1466 | D:2      | Reached XP level 4. HP: 35/35 MP: 4/4
  2069 | D:3      | Acquired Fedhas' first power
  2248 | D:3      | Reached XP level 5. HP: 34/42 MP: 5/5
  2770 | D:3      | Found a basalt altar of Yredelemnul.
  2784 | D:3      | Fell from the grace of Fedhas
  2784 | D:3      | Became a worshipper of Yredelemnul the Dark
  3408 | D:4      | Noticed Ijyb
  3462 | D:4      | Killed Ijyb
  3716 | D:4      | Noticed Nicoed's ghost (experienced MiBe)
  3909 | D:4      | Noticed Pikel
  3909 | D:4      | Noticed a slave
  3909 | D:4      | Noticed a slave
  3909 | D:4      | Noticed a slave
  3909 | D:4      | Noticed a slave
  3910 | D:4      | Noticed an ogre
  4051 | D:3      | Killed a slave
  4069 | D:3      | Slain by a wandering mushroom

Action                   |  1- 3 |  4- 6 || total
-------------------------+-------+-------++-------
Melee: Hand axe          |   140 |   365 ||   505
Invok: Evolution         |       |     3 ||     3
  Use: Potion            |     5 |     1 ||     6
       Scroll            |       |     5 ||     5
